 Dungeon Crawl Stone Soup version 0.30.0 (webtiles) character file.

Game seed: 11465426432517286527

14 andaith the Chiller (level 2, -3/20 HPs)
             Began as a Draconian Ice Elementalist on July 16, 2023.
             Frozen to death by an endoplasm (5 damage)
             ... on level 1 of the Dungeon on July 17, 2023.
             The game lasted 00:09:09 (689 turns).

andaith the Chiller (Draconian Ice Elementalist)     Turns: 689, Time: 00:09:09

Health: -3/20      AC:  4    Str: 10    XL:     2   Next: 27%
Magic:  4/5        EV: 12    Int: 15    God:
Gold:   15         SH:  0    Dex: 11    Spells: 4/5 levels left

rFire   . . .        b - +0 dagger
rCold   . . .        (no shield)
rNeg    . . .        (body armour unavailable)
rPois   .            (helmet restricted)
rElec   .            (no cloak)
rCorr   .            (no gloves)
SInv    .            (no boots)
Will    .....        (no amulet)
Stlth   ++           (no ring)
HPRegen 0.23/turn    (no ring)
MPRegen 0.09/turn

%: no passive effects
@: slowed, very slow
A: AC +4, unfitting armour, cold-blooded
a: no special abilities


You were on level 1 of the Dungeon.
You visited 1 branch of the dungeon, and saw 1 of its levels.

You collected 15 gold pieces.

Inventory:

Hand Weapons
 b - a +0 dagger (weapon)
 d - a +0 sling
Scrolls
 f - a scroll of fear
Potions
 a - a potion of magic
 c - a potion of degeneration {unknown}
 e - a potion of brilliance {unknown}
 g - a potion of curing {unknown}


   Skills:
 + Level 0.2 Short Blades
 + Level 1.9 Dodging
 + Level 1.7 Stealth
 + Level 2.0 Spellcasting
 + Level 4.4 Ice Magic


You had 4 spell levels left.
You knew the following spells:

 Your Spells              Type           Power      Damage    Failure   Level
a - Freeze                Ice            56%        1d7       3%          1

Your spell library contained the following spells:

 Spells                   Type           Power      Damage    Failure   Level
 Frozen Ramparts          Ice            28%        1d5       11%         3
 Ozocubu's Armour         Ice            14%        N/A       11%         3
 Summon Ice Beast         Ice/Summ       8%         N/A       65%         4


Dungeon Overview and Level Annotations

Branches:
Dungeon (1/15)

Altars:


Innate Abilities, Weirdness & Mutations

Your plain brown scales are hard. (AC +4)
You cannot fit into any form of body armour.
You are cold-blooded and may be slowed by cold attacks.


Message History

You hit the endoplasm.
You kill the endoplasm!
You feel yourself speed up. The giant cockroach misses you.
The giant cockroach bites you.
Your magical contamination has completely faded away.
Found a ring mail.
The giant cockroach completely misses you.
An endoplasm comes into view.
You hit the giant cockroach but do no damage.
The giant cockroach is heavily wounded.
The giant cockroach bites you but does no damage.
The giant cockroach closely misses you.
You barely miss the giant cockroach.
The giant cockroach is heavily wounded.
The giant cockroach closely misses you.
You closely miss the giant cockroach.
The giant cockroach is heavily wounded.
The giant cockroach bites you but does no damage.
You closely miss the giant cockroach.
The giant cockroach is heavily wounded.
The giant cockroach barely misses you.
You hit the giant cockroach but do no damage.
Your tail-slap misses the giant cockroach.
The giant cockroach is heavily wounded.
The giant cockroach bites you. The endoplasm freezes you.
You are frozen.
* * * LOW HITPOINT WARNING * * *
You feel yourself slow down.
You hit the giant cockroach but do no damage.
The giant cockroach is heavily wounded.
The giant cockroach closely misses you. The endoplasm freezes you.
You are frozen.
* * * LOW HITPOINT WARNING * * *
You feel as though you will be slow longer.
The giant cockroach bites you but does no damage.
The endoplasm freezes you.
You are frozen.
You die...

....## .# ..#
.....# .# #.# [#
.....+ ..... ..
.....# .#.## .#
....## ... .# ...##
#.# .###.# ..##
#####.###...... '##
#.......BJ###.## .#
#.......@....... .#
#.###.##..###.##
.## #.##..##..#
..## #.##.###..#
...# #.##.###..#
..## #.........#
.########.........#
.............####.#
##############


You could see an endoplasm and a giant cockroach.

Vanquished Creatures
  A dart slug (D:1)
  An endoplasm (D:1)
  A hobgoblin (D:1)
  3 jackals (D:1)
  2 quokkas (D:1)
  A goblin (D:1)
  A kobold (D:1)
10 creatures vanquished.

Notes
Turn   | Place    | Note
-------+----------+-------------------------------------------
     0 | D:1      | andaith the Draconian Ice Elementalist began the quest for
                  | the Orb.
     0 | D:1      | Reached XP level 1. HP: 14/14 MP: 3/3
   351 | D:1      | Reached XP level 2. HP: 20/20 MP: 5/5
   689 | D:1      | Frozen to death by an endoplasm

Illustrated notes

Levels and vault maps discovered:
D:1:      lightli_arrival_isolated_outpost, layout_loops_corners

Action                     || total
---------------------------++-------
  Melee: Dagger            ||    62
         Unarmed           ||    21
         Tailslap          ||     8
         Punch             ||     1
   Cast: Freeze            ||     3
    Use: Scroll            ||     1
 Armour: Skin              ||    36
  Dodge: Dodged            ||    71
